 Dungeon Crawl Stone Soup version 0.11.0-9-gb634444 (webtiles) character file.

258 Fadasa the Grave Robber (level 4, -3/36 HPs)
             Began as a Deep Dwarf Necromancer on Jan 7, 2013.
             Killed by nerve-wracking pain
             ... invoked by a shadow imp
             ... summoned by Ratslayer's ghost
              (5 damage)
             ... on Level 3 of the Dungeon.
             The game lasted 00:33:39 (2152 turns).

Fadasa the Grave Robber (Deep Dwarf Necromancer)    Turns: 2152, Time: 00:33:39

HP  -3/36        AC  2     Str 11      XL: 4   Next: 92%
MP   7/8         EV 12     Int 17      God:
Gold 137         SH  0     Dex 13      Spells:  2 memorised,  5 levels left

Res.Fire  : . . .   See Invis. : .   m - +0 falchion
Res.Cold  : . . .   Warding    : .   a - +0 robe
Life Prot.: . . .   Conserve   : .   (no shield)
Res.Poison: .       Res.Corr.  : .   (no helmet)
Res.Elec. : .       Clarity    : .   (no cloak)
Sust.Abil.: . .     Spirit.Shd : .   (no gloves)
Res.Mut.  : .       Stasis     : .   (no boots)
Res.Rott. : .       Ctrl.Telep.: .   (no amulet)
Saprovore : . . .   Levitation : .   (no ring) Ctrl.Flight: .
                                     (no ring)

@: non-regenerating, slightly resistant to hostile enchantments, fairly stealthy
A: damage resistance, recharge devices, sense surroundings 1, slow healing 3
a: Device Recharging


You were on level 3 of the Dungeon.
You were not hungry.

You visited 1 branch of the dungeon, and saw 3 of its levels.

You collected 117 gold pieces.

Inventory:

Hand weapons
 m - a +0,+0 falchion (weapon)
Armour
 a - a +0 robe (worn)
 e - a +1 chain mail of fire resistance
Magical devices
 c - a wand of heal wounds (4)
Scrolls
 d - 2 scrolls of remove curse {unknown}
 f - a scroll of enchant armour {unknown}
 g - 2 scrolls of identify
 h - a scroll of fog {unknown}
 i - a scroll of enchant weapon II {unknown}
 l - a scroll of fear {unknown}
 n - a scroll of teleportation {unknown}
Jewellery
 o - an uncursed ring of regeneration {unknown}
Potions
 j - a potion of restore abilities
Books
 b - a book of Necromancy

   Spells                             Type                      Level
   *Pain                              Necromancy                   1
   *Animate Skeleton                  Necromancy                   1
   Lethal Infusion                    Charms/Necromancy            2
   Vampiric Draining                  Necromancy                   3
   Regeneration                       Charms/Necromancy            3
   Animate Dead                       Necromancy                   4
   Control Undead                     Necromancy                   4


   Skills:
 + Level 0.4 Long Blades
 + Level 2.4 Dodging
 + Level 2.6 Stealth
 + Level 2.3 Spellcasting
 + Level 5.7 Necromancy


You had 5 spell levels left.
You knew the following spells:

 Your Spells              Type           Power        Failure   Level  Hunger
a - Pain                  Necr           ####.        1%          1    #......
b - Animate Skeleton      Necr           N/A          1%          1    #......


Dungeon Overview and Level Annotations

Branches:
Dungeon (3/27)

Altars:

Annotations
D:3 Ratslayer's ghost, average SpWz


Innate Abilities, Weirdness & Mutations

You are resistant to damage.
You can recharge devices by infusing magical energy.
You passively map a small area around you.
You do not heal naturally.


Message History

The lemure barely misses you. The lemure hits you.
* * * LOW HITPOINT WARNING * * *
The lemure hits you but does no damage. Ratslayer's ghost barely misses you.
Ratslayer's ghost hits you.
* * * LOW HITPOINT WARNING * * *
The lemure hits you but does no damage. The lemure closely misses you.
The lemure hits you. The shadow imp hits you.
* * * LOW HITPOINT WARNING * * *
Ratslayer's ghost mumbles some strange words.
Ratslayer's ghost mumbles some strange words.
The shadow imp disappears for a moment.
The lemure hits you.
* * * LOW HITPOINT WARNING * * *
The lemure hits you. The lemure hits you but does no damage.
Ratslayer's ghost mumbles some strange words.
The shadow imp disappears in a puff of smoke!
Ratslayer's ghost casts a spell.
The shadow imp gestures at you. Pain shoots through your body!
You die...

................h ,
..............# ..# .
..............# ..#.[. ,
..............# ..#...
........(..5...###.#<..
.......5.p55.........##
*
*#####..5#.5...........[
,..#...#55.........# ,
.....#.@5#...((......#,
,
......#..5.5.......#.##
, ,
....................#.#
, ,
.....................#.#
.....................#.#
*#................(.#.#
, #..................#.#
,,
#....).............#.#
#......)...........>.#


You could see a quasit, a white imp, a lemure, a shadow imp and an ufetubus.

Vanquished Creatures
  Terence (D:2)
  3 gnolls (D:3)
  3 adders (D:2)
  2 worms (D:2)
  A giant gecko (D:3)
  An ooze (D:2)
  4 hobgoblins
  8 kobolds
  A ball python (D:3)
  4 bats
  3 giant cockroaches
  4 giant newts
  5 goblins
  7 rats
  2 toadstools (D:2)
49 creatures vanquished.

Vanquished Creatures (others)
  A rat skeleton (D:2)
  2 toadstools
3 creatures vanquished.

Grand Total: 52 creatures vanquished

Notes
Turn   | Place    | Note
--------------------------------------------------------------
     0 | D:1      | Fadasa, the Deep Dwarf Necromancer, began the quest for the Orb.
     0 | D:1      | Reached XP level 1. HP: 15/15 MP: 3/3
   175 | D:1      | Learned a level 1 spell: Animate Skeleton
   354 | D:1      | Reached XP level 2. HP: 22/22 MP: 1/4
  1009 | D:2      | Reached skill level 5 in Necromancy
  1009 | D:2      | Reached XP level 3. HP: 14/28 MP: 1/6
  1350 | D:2      | Noticed Terence
  1361 | D:2      | Killed Terence
  1552 | D:2      | Reached XP level 4. HP: 24/36 MP: 0/7
  2137 | D:3      | Noticed Ratslayer's ghost (average SpWz)
  2152 | D:3      | Killed from afar by a shadow imp
